 Dungeon Crawl Stone Soup version 0.17-a0-1954-g0dddeaa (webtiles) character file.

49 gorblad the Conjurer (level 3, 0/25 HPs)
             Began as a Mummy Conjurer on Oct 4, 2015.
             Slain by a bat (1 damage)
             ... on level 2 of the Dungeon.
             The game lasted 00:04:50 (2493 turns).

gorblad the Conjurer (Mummy Conjurer)               Turns: 2493, Time: 00:04:50

Health: 0/25       AC:  3    Str: 11    XL:     3   Next: 53%
Magic:  1/6        EV: 12    Int: 15    God:
Gold:   46         SH:  0    Dex: 12    Spells: 1 memorised, 5 levels left

rFire  x . .     SeeInvis .     c - +0 short sword
rCold  + . .     Clarity  .     a - +0 robe
rNeg   + + +     SustAt   .     (no shield)
rPois  ∞         Gourm    .     d - +0 helmet
rElec  .         Spirit   .     (no cloak)
rCorr  .         Warding  .     (no gloves)
rMut   .         Stasis   .     (no boots)
MR     .....                    (no amulet)
Stlth  ++........               (no ring)
                                (no ring)

@: very slightly contaminated, not resistant to hostile enchantments, unstealthy
A: no food or potions, fire vulnerability, cold resistance 1, negative energy
resistance 3, torment resistance, unbreathing
a: no special abilities


You were on level 2 of the Dungeon.
You were not hungry.

You visited 1 branch of the dungeon, and saw 2 of its levels.

You collected 46 gold pieces.

Inventory:

Hand weapons
 c - a +0 short sword (weapon)
Armour
 a - a +0 robe (worn)
 d - a +0 helmet (worn)
Scrolls
 e - a scroll of random uselessness {unknown}
 f - a scroll of remove curse {unknown}
 g - a scroll of enchant armour {unknown}
Books
 b - a book of Conjurations

   Spells                             Type                      Level
   a - Magic Dart                     Conjuration                  1
   b - Searing Ray                    Conjuration                  2
   c - Dazzling Spray                 Conjuration/Hexes            3
   d - Fulminant Prism                Conjuration/Hexes            4
   e - Iskenderun's Mystic Blast      Conjuration                  4
   f - Iskenderun's Battlesphere      Conjuration/Charms           5


   Skills:
 + Level 0.8 Fighting
 + Level 0.5 Short Blades
 + Level 2.1 Dodging
 + Level 1.9 Stealth
 + Level 2.0 Spellcasting
 + Level 3.6 Conjurations


You had 5 spell levels left.
You knew the following spells:

 Your Spells              Type           Power        Failure   Level  Hunger
a - Magic Dart            Conj           ##..         6%          1    N/A

Dungeon Overview and Level Annotations

Branches:
Dungeon (2/15)

Altars:


Innate Abilities, Weirdness & Mutations

You do not eat or drink.
Your flesh is vulnerable to fire.
You are immune to poison.
Your flesh is cold resistant.
You are immune to negative energy.
You are immune to unholy pain and torment.
You can survive without breathing.


Message History

The bat barely misses you. The bat hits you but does no damage.
The adder bites you.
* * * LOW HITPOINT WARNING * * *
Found 13 bolts and 9 gold pieces.
Casting: Magic Dart
Confirm with . or Enter, or press ? or * to list all spells.
Aiming: Magic Dart
Press: ? - help, Shift-Dir - straight line, f/p - hobgoblin
Aim: a hobgoblin, wielding a club The magic dart hits the bat.
The bat is severely wounded.
The bat barely misses you. The bat closely misses you. The adder bites you.
* * * LOW HITPOINT WARNING * * *
You can't drink.
You can't drink.
You closely miss the adder. The bat hits you.
* * * LOW HITPOINT WARNING * * *
The bat hits you but does no damage. The adder closely misses you.
You miss the adder. The bat hits you.
You die...

### #.. #h# #h# #.#
#######
##########.######....r..
..........hhhghb@S.....#
..=.######.######.#....#
###.# #.# .# (.# #.# #.#
.# # #.# #.# .# #.# #..
$. #.# #.# .# #.# ### .#


You could see an adder, 4 jackals, a hobgoblin, a bat and a rat.

Vanquished Creatures
  2 adders (D:2)
  4 bats (D:1)
  A giant cockroach (D:1)
  4 goblins (D:1)
  A hobgoblin (D:1)
  4 jackals (D:1)
  6 kobolds
  A giant newt (D:2)
  6 rats
  2 plants (D:2)
31 creatures vanquished.

Notes
Turn   | Place    | Note
--------------------------------------------------------------
     0 | D:1      | gorblad the Mummy Conjurer began the quest for the Orb.
     0 | D:1      | Reached XP level 1. HP: 13/13 MP: 3/3
   369 | D:1      | Reached XP level 2. HP: 7/19 MP: 1/5
  1753 | D:2      | Reached XP level 3. HP: 20/25 MP: 2/6
  2492 | D:2      | HP: 1/25 [bat (1)]
  2493 | D:2      | Slain by a bat

Vault maps used:
D:1:      tarquinn_simple_flora_water_d, fountainhead,
          hangedman_decor_clover_reticule
D:2:      lemuel_round_altar, first_bread, serial_bayou_lagoon_a, uniq_jessica

Action                   || total
-------------------------++-------
Melee: Short sword       ||   469
       Unarmed           ||    10
 Cast: Magic Dart        ||    51
